[Event "European Women Blitz-ch 2024"]
[Site "Monaco"]
[Date "2025.01.10"]
[Round "9.18"]
[White "Shvedova, Alexandra"]
[Black "Toncheva, Nadya"]
[Result "0-1"]
[Annotator "TA"]
[ECO "B38"]
[WhiteElo "2266"]
[BlackElo "2313"]
[PlyCount "126"]
[EventDate "2025.01.06"]
[EventType "swiss"]
[EventCountry "MNC"]
[SourceTitle "playchess.com"]
[Source "ChessBase"]
[SourceQuality "1"]
[TimeControl "180+2"]

1. e4 c5 2. Nf3 Nc6 3. d4 cxd4 4. Nxd4 g6 5. c4 Bg7 6. Be3 Nf6 7. Nc3 O-O 8. Be2 d6 9. f3 Bd7 10. Qd2 Nxd4 11. Bxd4 a5 12. b3 Bc6 13. O-O Nd7 14. Be3 Nc5 15. Rac1 Qb6 16. Rb1 Rfc8 17. Rfc1 Qb4 18. Rc2 ({White should try} 18. Qb2 $14 Qb6 19. Kh1) 18... a4 $1 $11 19. bxa4 Qa5 (19... Bxc3 {simplifies} 20. Rxb4 Bxd2 21. Rxd2 Nxa4 22. g4 f6) 20. Nd5 Bxd5 (20... Re8 $11) 21. Qxa5 $14 Rxa5 22. cxd5 Rxa4 23. Rxb7 Bf6 24. Rb5 Rca8 25. Bc4 Ra3 26. Bc1 Bd4+ 27. Kf1 R3a5 28. Rxa5 Rxa5 29. Bb2 (29. Bd2 $16 Ra3 30. Bb4) 29... Bxb2 30. Rxb2 {[%emt 0:00:01][%mdl 4096] Endgame KRB-KRN. White is a pawn up.} Ra3 31. Ke2 Kg7 32. Kd2 Kf6 33. Bb3 h5 34. Kc3 h4 35. Rc2 g5 36. Kb2 Ra7 37. Bc4 Rb7+ {[%emt 0:00:05][%mdl 1024] Black has compensation.} 38. Kc3 Ra7 (38... Ke5 $1 $15) 39. Bb3 (39. Bb5 $14) 39... Ke5 40. Kb4 {[%emt 0:00:03] [#]} g4 $1 41. Bc4 h3 ({Black should play} 41... Ra4+ $11 42. Kb5 gxf3) 42. fxg4 Nxe4 (42... Ra4+ $14 43. Kc3 (43. Kb5 hxg2 44. Rxg2 Ra8 $14) 43... Nxe4+ 44. Kb3 hxg2 45. Rxg2 Nc5+ 46. Kc3 Ne4+ 47. Kd3 Nc5+ 48. Kc3) 43. gxh3 $16 Kd4 (43... Rb7+ $16 44. Ka3 Rb8) 44. a4 $18 Nc5 45. Bb5 Kxd5 46. a5 (46. h4 $18 {has better winning chances.}) 46... Rb7 $16 47. Rd2+ Ke6 $2 {[%emt 0:00:02] [#]} (47... Ke5 $16) 48. Kc4 $1 $18 Ne4 (48... Ra7 $142 49. Ra2 Ke5) 49. Re2 d5+ 50. Kb4 Kd6 51. a6 Rb8 (51... Rxb5+ $2 52. Kxb5 Nc3+ 53. Kb4 Nxe2 54. a7 $18) 52. Re3 e5 (52... Ra8 {was called for.} 53. h4 Kc7) 53. h4 Nc5 54. h5 $4 (54. Ra3 $18 {avoids the disaster.}) 54... Nxa6+ $19 55. Ka5 Nc7 56. Bd3 Kc5 {[%emt 0:00:02] ( -> ...Ra8+)} 57. Ka4 Kd4 58. Rf3 $2 (58. Rg3) 58... e4 59. Rxf7 exd3 60. h6 d2 61. Rf1 Ke3 62. h7 Rh8 63. g5 Rxh7 0-1

[Event "European Women Blitz-ch 2024"]
[Site "Monaco"]
[Date "2025.01.10"]
[Round "10.1"]
[White "Wagner, Dinara"]
[Black "Maltsevskaya, Aleksandra"]
[Result "0-1"]
[Annotator "TA"]
[ECO "E92"]
[WhiteElo "2437"]
[BlackElo "2368"]
[PlyCount "76"]
[EventDate "2025.01.06"]
[EventType "swiss"]
[EventCountry "MNC"]
[SourceTitle "playchess.com"]
[Source "ChessBase"]
[SourceQuality "1"]
[TimeControl "180+2"]

1. d4 Nf6 2. c4 g6 3. Nc3 Bg7 4. e4 d6 5. Nf3 O-O 6. Be2 e5 7. Be3 Ng4 8. Bg5 f6 9. Bc1 Nc6 10. d5 Ne7 11. h3 Nh6 12. h4 c6 13. h5 g5 14. Bd2 a6 15. dxc6 (15. a4 $16) 15... bxc6 $14 16. Qc2 Be6 17. O-O-O c5 18. Be3 {[%emt 0:00:15] Bxc5 is the strong threat.} Qb8 19. Qa4 {[%emt 0:00:29] Repels Nc6} (19. Qd2 $14 Rd8 20. Ng1) 19... Ng4 (19... Qc7 $11) 20. Nh2 Nxh2 21. Rxh2 h6 22. g4 Rc8 23. Nd5 Nc6 24. f3 Qb7 25. Kb1 Rab8 26. Bc1 Nd4 27. Rf2 Kf7 28. Bd3 a5 29. Qxa5 Ra8 {[%emt 0:00:00] The board is on fire.} 30. Qb6 $2 (30. Qc3 $1 $11 {and White has nothing to worry.}) 30... Bxd5 $19 31. Qxd6 $2 (31. Qxb7+ Bxb7 32. b3) 31... Be6 32. f4 Ra6 33. fxe5 Rxd6 34. exd6 Kg8 35. Rdf1 Rd8 36. e5 fxe5 {[%emt 0:00:02][%cal Oe5e4] aiming for ...e4!.} 37. Re1 Qa6 38. Bd2 Bxc4 0-1

[Event "European Women Blitz-ch 2024"]
[Site "Monaco"]
[Date "2025.01.10"]
[Round "10.2"]
[White "Roebers, Eline"]
[Black "Ushenina, Anna"]
[Result "1-0"]
[Annotator "TA"]
[ECO "B40"]
[WhiteElo "2381"]
[BlackElo "2418"]
[PlyCount "72"]
[EventDate "2025.01.06"]
[EventType "swiss"]
[EventCountry "MNC"]
[SourceTitle "playchess.com"]
[Source "ChessBase"]
[SourceQuality "1"]
[TimeControl "180+2"]

1. e4 c5 2. Nf3 e6 3. Be2 a6 4. O-O Nc6 5. c4 Nge7 ({Black should play} 5... e5 $11) 6. d4 $14 cxd4 7. Nxd4 Nxd4 8. Qxd4 Nc6 {[%emt 0:00:01] Inhibits f4.} 9. Qe3 Be7 10. Nc3 O-O 11. Qg3 d6 12. Bh6 Bf6 13. Rad1 Kh8 {[%emt 0:00:19] [#]} (13... Nd4 $14) 14. Bf4 (14. Rxd6 Qe7 15. Bf4 Bxc3 (15... e5 16. Rxf6 Qxf6 17. Be3 $17) 16. Qxc3 e5 17. Rxc6 bxc6 18. Bxe5 (18. Qxe5 Qxe5 19. Bxe5 Re8 $11) 18... f6) ({Better is} 14. Be3 $1 $16) 14... e5 15. Be3 Bh4 16. Qf3 Bf6 (16... Be6 $16) 17. Nd5 $18 Bg5 {[%emt 0:00:10] [#]} 18. Bb6 $1 Qd7 19. Qg3 Bd8 20. Be3 Qe8 21. f4 Be6 22. f5 Bxd5 23. Rxd5 Be7 24. Qg4 {[%emt 0:00:22] White has more active pieces.} Nb4 $2 (24... Nd4 $16) 25. Rd2 Nxa2 (25... Rg8 26. Rf3 Qf8) 26. Rf3 f6 27. Rh3 {[%emt 0:00:01] Black is weak on the light squares} Qf7 28. Rh5 $40 {[%emt 0:00:17][%mdl 128] Black is in trouble.} (28. Qh4 $142 g6 29. fxg6 Qxg6 30. c5) 28... Nb4 $2 (28... b5 {might work better.} 29. cxb5 axb5 30. Bxb5 d5 31. exd5 (31. Rxd5 Rfc8 $18) 31... Bb4) 29. Qh3 g6 (29... Qg8 $142 30. Rh4 Rfc8) 30. fxg6 Qxg6 31. Bg4 {[%emt 0:00:09][%cal Be2g4,Bg4f5,Bf5e6][%mdl 32] Intending Bf5 and mate.} Rf7 32. Bf5 Qg8 33. Be6 {[%emt 0:00:01][%cal Od2f2] A strong pair of Bishops.} Nc6 (33... Re8 $142 34. Qf5 (34. Bxf7 Qxf7 35. b3 b5 $18) 34... Bd8 35. Bxf7 Qxf7) 34. Rf2 {[%emt 0:00:15][%cal Of2f3] Strongly threatening Rf3!.} Raf8 35. Rff5 Qg6 36. Rh6 Qg8 1-0

[Event "European Women Blitz-ch 2024"]
[Site "Monaco"]
[Date "2025.01.10"]
[Round "10.3"]
[White "Tsolakidou, Stavroula"]
[Black "Kulon, Klaudia"]
[Result "1-0"]
[Annotator "TA"]
[ECO "C45"]
[WhiteElo "2451"]
[BlackElo "2393"]
[PlyCount "125"]
[EventDate "2025.01.06"]
[EventType "swiss"]
[EventCountry "MNC"]
[SourceTitle "playchess.com"]
[Source "ChessBase"]
[SourceQuality "1"]
[TimeControl "180+2"]

1. e4 e5 2. Nf3 Nc6 3. d4 exd4 4. Nxd4 Nf6 5. Nxc6 bxc6 6. Nd2 d6 7. Bd3 g6 8. b3 Bg7 9. Bb2 O-O 10. O-O d5 11. e5 Ng4 12. Nf3 c5 (12... f6 $14) 13. h3 $16 Nh6 14. Re1 (14. Ba3 $142) 14... Nf5 ({Black should play} 14... Re8) 15. Qd2 ({Better is} 15. Ba3 $16) 15... c6 (15... Re8 $1 $14) 16. Ba3 {[%emt 0:00:11] White is more active.} Re8 17. Bxc5 Nh4 (17... Bh6 $16 18. Qc3 Ng7) 18. Nxh4 (18. Nd4 $18) 18... Qxh4 19. Bd6 Bd7 20. f4 Bh6 21. Rf1 $36 {[%emt 0:00:02][%mdl 2048] Keeping Black busy.} f6 22. Qe1 Qxe1 23. Raxe1 Kf7 {[%emt 0:00:06] Black is weak on the dark squares} (23... fxe5 $16 24. fxe5 (24. Bxe5 Bg7 $16) 24... a5) 24. g4 f5 25. gxf5 gxf5 (25... Bxf5 26. Bxf5 gxf5) 26. Kg2 Rg8+ 27. Kf3 Ke6 (27... Rg6 28. Ke3 Rg3+ 29. Kd4 Rag8) 28. Rg1 $18 Rxg1 29. Rxg1 Be8 30. Ke3 Bg6 31. Bc5 a5 32. a4 Rb8 33. Be2 Rd8 34. c3 Rb8 35. Rb1 Bf7 (35... Ra8 {is a better defense.} 36. b4 axb4 37. Rxb4 Kd7) 36. b4 axb4 37. cxb4 Rg8 38. a5 Rg3+ 39. Bf3 Bh5 40. Rf1 Rxh3 (40... Kd7 $142 41. a6 Kc7) 41. a6 {[%emt 0:00:01] aiming for a7.} Bxf3 42. Rxf3 {[%emt 0:00:01][%mdl 4096] Endgame KRB-KRB} Rh1 43. a7 Ra1 44. Rh3 Ra3+ 45. Ke2 (45. Kd4 $142 Ra1 46. Rxh6+ Kd7 47. Rxh7+ Kd8 48. Bb6+ Ke8 49. Ba5 c5+ 50. Kxd5 (50. Kxc5 Rc1+ 51. Kd6 Rc8 52. Rh8+ Kf7 53. Rxc8 Kg7 54. a8=Q Kh7 55. Rh8+ Kg7 56. Qg8#) 50... Rd1+ 51. Ke6 (51. Kxc5 Rc1+ 52. Kb6 Rc8 53. Kb7 Ra8 54. Kxa8 Kf8 55. Kb7 Kg8 56. Rc7 Kh8 57. a8=Q#) 51... Rd6+ 52. Kxd6 cxb4 53. a8=Q#) 45... Ra2+ 46. Kd1 Bxf4 47. Rxh7 Bxe5 48. Re7+ Kf6 49. Re8 Ra1+ 50. Kc2 Ra2+ 51. Kb3 Rb2+ 52. Ka3 Rb1 53. a8=Q ({Not} 53. Be7+ Kf7 54. Bd8 Bd4 (54... Kxe8 $2 {perishes.} 55. Ba5 $18) 55. Re7+ (55. a8=Q $2 Ra1+ 56. Kb3 Rxa8 $19) 55... Kg6 $16) 53... Ra1+ 54. Kb3 Rxa8 55. Rxa8 f4 56. Rf8+ Kg5 57. Kc2 Kg4 58. Kd3 f3 59. Bf2 Bf4 60. Rc8 Kh3 61. Rxc6 Kg2 62. Rc2 Kf1 63. b5 1-0

[Event "European Women Blitz-ch 2024"]
[Site "Monaco"]
[Date "2025.01.10"]
[Round "10.4"]
[White "Rudzinska, Michalina"]
[Black "Paehtz, Elisabeth"]
[Result "0-1"]
[Annotator "TA"]
[ECO "B33"]
[WhiteElo "2226"]
[BlackElo "2428"]
[PlyCount "60"]
[EventDate "2025.01.06"]
[EventType "swiss"]
[EventCountry "MNC"]
[SourceTitle "playchess.com"]
[Source "ChessBase"]
[SourceQuality "1"]
[TimeControl "180+2"]

1. e4 c5 2. Nf3 Nc6 3. d4 cxd4 4. Nxd4 Qb6 5. Nb3 Nf6 6. Nc3 e6 7. Bd3 a6 8. O-O d6 9. a4 Be7 10. Kh1 Ne5 11. a5 Qc7 12. Be3 Bd7 13. Na4 Bc6 (13... Bxa4 $11 14. Rxa4 Qc6) 14. Nb6 $14 Rd8 15. f3 (15. f4 $1 $11 Ned7 16. Nxd7 Nxd7 17. Nd4) 15... O-O (15... d5 $15 16. Qe2 dxe4 17. fxe4 h5 (17... Bxe4 18. Bf4 $15) (17... Nxe4 18. Bf4 $11)) 16. c4 (16. f4 $11 {remains equal.} Ng6 17. Nd2) 16... d5 $17 17. cxd5 (17. exd5 $17 exd5 18. c5) 17... exd5 $19 18. Bf4 $2 (18. exd5 Nxd5 19. Bd4 Nxd3 20. Qxd3) 18... dxe4 19. fxe4 Bd6 $2 (19... Rxd3 20. Qxd3 Nxd3 21. Bxc7 $15) (19... Bxe4 $19 {is more deadly.} 20. Rc1 Qb8) 20. Bc2 $2 (20. Bg5 $17 {was the only defense.}) 20... Neg4 ({Not} 20... Bxe4 21. Bxe4 Nxe4 22. Qe2 $17) (20... Nxe4 21. Qe2 Nf6 22. Nd4 $19) 21. Bxd6 $2 (21. Bg5 Bxh2 (21... Bxe4 $2 22. Bxe4 Bb4 23. Bxh7+ Kxh7 24. Qb1+ Kh8 25. Bf4 $17) (21... Bc5 $2 22. Bf4 $19) 22. Qf3) 21... Rxd6 (21... Qxd6 22. Qxd6 Rxd6 23. Rae1 Bxe4 24. Bxe4 $19) 22. Qf3 {[%emt 0:00:04] [#]} Rd2 $1 23. Qf4 Qxf4 24. Rxf4 Rxc2 25. Nd4 Rxb2 26. Nf5 Bxe4 27. h3 Bxg2+ 28. Kg1 Bxh3 {[%emt 0:00:06] ( -> ...Rg2+)} 29. Rc1 Rg2+ 30. Kh1 Nf2+ (30... Ne4 $142 31. Rc2 Rxc2 32. Rxg4 Bxg4 33. Kg1 Bxf5 34. Nd5 Rd8 (34... Rc1+ {leads to mate.} 35. Kg2 Re8 36. Ne3 Ng5 37. Kf2 Nh3+ 38. Kf3 Rc3 39. Kg2 Rexe3 40. Kf1 Bd3+ 41. Kg2 Be4+ 42. Kh2 Re2#) 35. Ne3 Re2 (35... Rc1+ 36. Kh2 Rd3 37. Nf1 Rxf1 38. Kg2 Rf2+ 39. Kh1 Rd1#) 36. Ng2 Rdd2 (36... Rd1+ 37. Kh2 Rdd2 38. Kg1 Rxg2+ 39. Kf1 Ng3+ 40. Ke1 Rge2#) 37. Kh2 Rxg2+ 38. Kh1 Ng3#) 0-1

[Event "European Women Blitz-ch 2024"]
[Site "Monaco"]
[Date "2025.01.10"]
[Round "10.5"]
[White "Atalik, Ekaterina"]
[Black "Kosteniuk, Alexandra"]
[Result "0-1"]
[Annotator "TA"]
[ECO "E40"]
[WhiteElo "2395"]
[BlackElo "2484"]
[PlyCount "60"]
[EventDate "2025.01.06"]
[EventType "swiss"]
[EventCountry "MNC"]
[SourceTitle "playchess.com"]
[Source "ChessBase"]
[SourceQuality "1"]
[TimeControl "180+2"]

1. d4 Nf6 2. c4 e6 3. Nc3 Bb4 4. e3 d5 5. a3 Bxc3+ 6. bxc3 c6 7. cxd5 cxd5 8. c4 O-O 9. Nf3 b6 10. cxd5 Qxd5 11. Bd3 Ba6 12. O-O Bxd3 13. Qxd3 Nbd7 14. a4 Nc5 15. Qe2 (15. Qa3 $11 {is more appropriate.} Nb3 16. Rb1) 15... Nce4 (15... Nb3 $15 16. Ba3 Rfc8) 16. Ba3 Rfc8 17. Be7 (17. Ne5 Qa5 18. Qd3 Nc3 19. Bb2) 17... Rc7 18. Bxf6 Nxf6 (18... Nc3 $5 19. Qd3 gxf6 $15) 19. Ne5 Rac8 20. Qa2 Qxa2 (20... Rc2 {keeps more tension.} 21. Qa3 R8c3 22. Qb4 Rc7) 21. Rxa2 Nd5 22. a5 b5 23. a6 Rc2 24. Ra5 ({White should try} 24. Rxc2 Rxc2 25. g3) 24... Nc3 $17 25. Nd3 f6 {[%emt 0:00:00] Black is more active.} 26. h4 Rc4 27. Nc5 (27. f3 $17) 27... e5 $19 28. Nd7 $2 (28. g3) 28... exd4 {[%emt 0:00:00] ...d3 would now be deadly.} 29. exd4 Rxd4 {[%emt 0:00:00] ( -> ...Ne2+)} 30. Nb8 Ne2+ 0-1

[Event "European Women Blitz-ch 2024"]
[Site "Monaco"]
[Date "2025.01.10"]
[Round "10.6"]
[White "Vega Gutierrez, Sabrina"]
[Black "Khotenashvili, Bella"]
[Result "0-1"]
[Annotator "TA"]
[ECO "B12"]
[WhiteElo "2393"]
[BlackElo "2420"]
[PlyCount "51"]
[EventDate "2025.01.06"]
[EventType "swiss"]
[EventCountry "MNC"]
[SourceTitle "playchess.com"]
[Source "ChessBase"]
[SourceQuality "1"]
[TimeControl "180+2"]

1. e4 c6 2. d4 d5 3. f3 g6 4. e5 Nh6 5. Nc3 f6 6. f4 Bg4 7. Be2 Bxe2 8. Qxe2 {[%emt 0:00:27] White is slightly better.} f5 9. e6 (9. Nf3 $16) 9... Qd6 $11 10. Nf3 Na6 11. a3 (11. h3 $11) 11... Nc7 $17 {[%emt 0:00:02] Black continues to play with concentration.} 12. Ng5 Bg7 13. Nf7 {[%emt 0:01:12] Prevents Bxd4} Nxf7 (13... Qxe6 14. Nxh8 Bxd4 15. Nxg6 hxg6 16. Qxe6 Nxe6 17. Ne2) 14. exf7+ Kxf7 15. Be3 Ne8 16. g4 e6 17. O-O-O Nf6 18. h3 b5 19. Na2 a5 {[%emt 0:00:07] Prevents Nb4.} 20. Rhf1 (20. Qd3 {was necessary.}) 20... Ne4 $19 21. Kb1 Rhb8 {[%emt 0:00:09] Threatens to win with ...b4.} 22. Rf3 $2 {[%emt 0:00:02] [#]} (22. Qd3) 22... b4 23. a4 b3 24. cxb3 Rxb3 25. Qc2 $2 (25. Bc1 Rxf3 26. Qxf3) 25... Rab8 {[%emt 0:00:02] [#] Hoping for ...Qa3.} 26. Nc1 {[%emt 0:00:04] Weighted Error Value: White=0.62/Black=0.08 (flawless) .  Mistake:       	White=5     	---        Inaccurate:     	White=4     	Black=2      OK:         	White=6     	Black=11     Best:        	---       	Black=2} 0-1

[Event "European Women Blitz-ch 2024"]
[Site "Monaco"]
[Date "2025.01.10"]
[Round "10.7"]
[White "Hunt, Harriet V"]
[Black "Arabidze, Meri"]
[Result "0-1"]
[Annotator "TA"]
[ECO "B40"]
[WhiteElo "2298"]
[BlackElo "2457"]
[PlyCount "66"]
[EventDate "2025.01.06"]
[EventType "swiss"]
[EventCountry "MNC"]
[SourceTitle "playchess.com"]
[Source "ChessBase"]
[SourceQuality "1"]
[TimeControl "180+2"]

1. e4 c5 2. Nf3 e6 3. b3 a6 4. Bb2 Nc6 5. c4 Qc7 6. d4 (6. g3 $11) 6... cxd4 $15 7. Nxd4 ({White should play} 7. Bxd4 $15 Nxd4 8. Qxd4) 7... Qe5 $17 8. Qd2 (8. Bc3 $17 {is a better defense.}) 8... Bb4 $19 ({Weaker is} 8... Qxe4+ 9. Ne2 $15) 9. Nc3 Qxd4 (9... Nxd4 10. O-O-O Nc6 11. a3 $17) 10. Qc2 (10. Qxd4 $142 Nxd4 11. O-O-O) 10... Nf6 11. Bd3 Ne5 12. O-O-O Bxc3 13. Bxc3 Nxd3+ 14. Rxd3 Qxe4 15. Re1 Qf5 ({Don't take} 15... Qxg2 16. Rg3 Qxh2 17. Kb1 $19) 16. Qd2 Ne4 17. Qc2 Nxc3 18. Qxc3 Qf6 19. Rd4 O-O 20. Qd2 {[%emt 0:00:03] [#]} d5 $1 21. Kb1 (21. Qf4 Qxf4+) 21... dxc4 22. Rxc4 e5 {[%emt 0:00:01] Prevents Qf4} 23. g4 Be6 24. Rce4 Rfd8 25. Qb2 h6 26. Rxe5 Bxg4 27. Ka1 Bf5 28. f4 Kh7 29. a3 Rd7 30. R1e2 Rad8 31. Ka2 Rd1 32. a4 {[%emt 0:00:04] [#]} b5 $1 {[%emt 0:00:03] White must now prevent ...bxa4.} 33. a5 (33. Rxb5 Bb1+) 33... b4 0-1

[Event "European Women Blitz-ch 2024"]
[Site "Monaco"]
[Date "2025.01.10"]
[Round "10.8"]
[White "Sliwicka, Alicja"]
[Black "Khademalsharieh, Sarasadat"]
[Result "1-0"]
[Annotator "TA"]
[ECO "C50"]
[WhiteElo "2344"]
[BlackElo "2458"]
[PlyCount "87"]
[EventDate "2025.01.06"]
[EventType "swiss"]
[EventCountry "MNC"]
[SourceTitle "playchess.com"]
[Source "ChessBase"]
[SourceQuality "1"]
[TimeControl "180+2"]

1. e4 e5 2. Nf3 Nc6 3. Bc4 Bc5 4. d3 Nf6 5. Bg5 h6 6. Bh4 Be7 7. Bg3 d6 8. a4 a6 9. Nc3 O-O 10. O-O Bg4 $1 11. h3 Bh5 12. Bh2 Nd4 (12... Qc8 $15 {was preferable.} 13. Kh1 b5) 13. g4 $11 Bg6 (13... Nxg4 $11 14. Nxd4 Nxh2 15. Qxh5 exd4) 14. Nxd4 $14 exd4 15. Ne2 (15. Nd5 $14) 15... d5 $11 16. exd5 Nxd5 17. Nxd4 Bf6 18. Nf5 (18. Qf3 $14) 18... Bxf5 $15 19. gxf5 Bxb2 20. Rb1 (20. Bxd5 $1 $15 Qxd5 (20... Bxa1 21. Bxb7 Ra7 22. Be4 $15) 21. Rb1) 20... Nc3 $17 21. Qg4 Nxb1 22. Rxb1 Bf6 ({Black should try} 22... b5 $1 $17 23. axb5 axb5 24. Bxb5 Bd4) 23. Rxb7 $11 Qe8 24. Rb1 (24. Rxc7 $11 Rc8 25. Qg3 (25. Bxa6 Rxc7 26. Bxc7 Qa8 $15)) 24... Qxa4 $2 (24... Rb8 $15 25. Rxb8 Qxb8) 25. Bxf7+ $1 $18 ({Not} 25. Bxc7 Qc6 (25... Qxc2 $2 26. Rb6 $17) 26. Bg3 a5 $17) 25... Rxf7 26. Qxa4 a5 27. d4 Bg5 28. Qc4 Raf8 29. Ra1 Bd2 30. f6 Kh7 31. Be5 gxf6 32. Bg3 f5 33. c3 Rg7 34. Rxa5 Be3 35. Kf1 Bg5 36. Qd3 Rgf7 37. h4 Bd8 38. h5 Kg8 39. Bf4 (39. Be5 $142 Bf6 40. Bxf6 (40. Qxf5 Bxe5 41. Qxe5 Rxf2+ 42. Ke1 Rf1+ 43. Kd2 R1f2+ 44. Kd3 R2f3+ 45. Kc4 R3f6 $18) 40... Rxf6 41. Qg3+ Kh7 42. Qxc7+ R6f7 43. Qd6 Kg8 44. Qe6 (44. Qxh6 Rf6 $18)) 39... Bg5 40. Bxg5 hxg5 41. Qg3 Rg7 42. h6 Rg6 43. Qxc7 Rxh6 44. Ra7 1-0

[Event "European Women Blitz-ch 2024"]
[Site "Monaco"]
[Date "2025.01.10"]
[Round "10.9"]
[White "Toncheva, Nadya"]
[Black "Osmak, Yuliia"]
[Result "0-1"]
[Annotator "TA"]
[ECO "B00"]
[WhiteElo "2313"]
[BlackElo "2463"]
[PlyCount "90"]
[EventDate "2025.01.06"]
[EventType "swiss"]
[EventCountry "MNC"]
[SourceTitle "playchess.com"]
[Source "ChessBase"]
[SourceQuality "1"]
[TimeControl "180+2"]

1. e4 Nc6 2. d4 d5 3. e5 f6 4. Bd3 Nxd4 5. c3 Nf5 6. Qf3 (6. Nf3 $11) 6... e6 7. Bf4 fxe5 8. Bxe5 Nf6 9. Nd2 Bd6 10. Qe2 O-O 11. Ngf3 c5 12. h3 Bxe5 13. Nxe5 Qd6 14. O-O-O Bd7 (14... b5 $15) 15. g4 $1 $14 {[%emt 0:00:06][%mdl 1024] White has compensation.} Ne7 $1 16. Bc2 {[%emt 0:00:20] Wards off Ba4} (16. Ndc4 $5 Qc7 $8 (16... dxc4 $2 17. Bxh7+ Kxh7 18. Rxd6 $18) 17. Nxd7 Qxd7 18. Rhe1 $11) 16... Nc6 17. f4 {[%emt 0:00:02] Hoping for g5.} Qe7 $2 {[%emt 0:00:12] [#]} (17... Be8 $11) 18. Ndf3 $2 (18. g5 $1 $18 ) 18... Be8 19. Rhe1 Bf7 $2 ({Black should play} 19... Rb8 $14) 20. Nxf7 $18 Qxf7 21. Ng5 $1 {[%emt 0:00:02] Against Ne4} (21. Qxe6 Qxe6 22. Rxe6 Rad8 $16) 21... Qe7 22. Qxe6+ Qxe6 23. Nxe6 Rf7 24. Nxc5 Rd8 25. Ne6 Rd6 26. f5 h6 27. Bb3 Na5 28. Nf4 Nxb3+ 29. axb3 Rfd7 30. Re6 Rxe6 31. fxe6 {[%emt 0:00:00][%mdl 4096] Endgame KRN-KRN. White is a pawn up.} Rd6 32. Rd4 $2 ({White should play} 32. c4 $18) 32... g5 $11 33. Nd3 Rxe6 34. Kd1 Re3 35. Nc5 (35. Nf2 $1 $11 {remains equal.}) 35... b6 (35... Rxh3 $17 {...b6 is the strong threat.} 36. Nxb7 Rh4) 36. Rd3 Re5 37. Na6 Ne4 38. Kc2 Nf2 39. Rf3 Re2+ 40. Kc1 Ne4 41. Nb4 Nd2 42. Rf5 (42. Rf6 $11) 42... Nxb3+ $15 43. Kb1 $1 d4 44. cxd4 Nxd4 45. Nd5 $2 Nxf5 0-1

[Event "European Women Blitz-ch 2024"]
[Site "Monaco"]
[Date "2025.01.10"]
[Round "10.10"]
[White "Papp, Petra"]
[Black "Batsiashvili, Nino"]
[Result "0-1"]
[Annotator "TA"]
[ECO "A43"]
[WhiteElo "2235"]
[BlackElo "2476"]
[PlyCount "84"]
[EventDate "2025.01.06"]
[EventType "swiss"]
[EventCountry "MNC"]
[SourceTitle "playchess.com"]
[Source "ChessBase"]
[SourceQuality "1"]
[TimeControl "180+2"]

1. d4 Nf6 2. Nf3 c5 3. d5 b5 4. c3 a6 5. Bg5 g6 6. Bxf6 exf6 7. a4 b4 8. Nbd2 Bg7 9. c4 ({White should try} 9. cxb4 $14 cxb4 10. Nc4) 9... O-O 10. b3 f5 11. Ra2 d6 12. e3 Qf6 13. g3 Nd7 14. Bg2 Ne5 ({Black should play} 14... Re8 $17 15. h4 a5) 15. O-O Re8 16. a5 (16. Nxe5 $11 Qxe5 (16... Rxe5 17. h4 $17) 17. Nf3) 16... Bd7 {[%emt 0:00:02] Black is more active.} 17. Nxe5 Rxe5 (17... Qxe5 18. Bf3 $17) 18. Nf3 Re7 19. h4 (19. Ne1 $11) 19... Rae8 20. Qd3 (20. Nh2 $142) 20... h6 $1 $17 21. Bh3 {[%emt 0:00:22] [#]} (21. Re2 $17) 21... Bc8 (21... g5 $1 $19 {[%cal Rg5g4] aiming for ...g4.} 22. hxg5 hxg5) 22. Bg2 {[%emt 0:00:05] [#]} (22. Qd1 $17 {was necessary.}) 22... g5 $1 $19 23. hxg5 hxg5 24. Nd2 f4 {[%emt 0:00:09] White is weak on the dark squares} 25. e4 (25. gxf4 $142 gxf4 26. e4) 25... Qc3 26. Qf3 fxg3 27. fxg3 (27. Qxg3 $142 Qxg3 28. fxg3) 27... Bd4+ 28. Kh2 Kg7 {[%emt 0:00:01] ( -> ...Rh8+)} 29. g4 Rh8+ 30. Kg3 Rh4 31. Qxc3 bxc3 32. Nf3 Rxg4+ 33. Kh2 Rexe4 34. Bh3 {[%emt 0:00:01] [#]} Rh4 $1 35. Nxh4 (35. Nxg5 Re3) 35... Rxh4 36. Rf3 g4 37. Rg3 Rxh3+ 38. Rxh3 gxh3 39. Kg3 Bf5 40. b4 cxb4 41. Kf4 Bg6 42. c5 Bxc5 0-1